 Dungeon Crawl Stone Soup version 0.31-a0-1009-g454b1f1e0a (webtiles) character file.

Game seed: 8805896473151575535

3632 Queen the Zephyrmancer (level 10, -27/50 HPs)
             Began as a Tengu Air Elementalist on Nov 15, 2023.
             Was a Priest of Vehumet.
             Annihilated by an orc warlord
             ... wielding a +7 battleaxe
              (32 damage)
             ... in a bailey.
             The game lasted 00:38:03 (12307 turns).

Queen the Zephyrmancer (Tengu Air Elementalist)    Turns: 12307, Time: 00:38:04

Health: -27/50     AC:  4    Str:  8    XL:     10   Next: 11%
Magic:  12/20      EV: 19    Int: 26    God:    Vehumet [***...]
Gold:   559        SH:  0    Dex: 15    Spells: 3/21 levels left

rFire   . . .        a - +2 dagger (freeze)
rCold   . . .        (no shield)
rNeg    . . .        l - +0 robe
rPois   .            (helmet restricted)
rElec   .            (no cloak)
rCorr   .            z - +1 pair of gloves
SInv    .            (boots unavailable)
Will    .....        (no amulet)
Stlth   ++++         i - ring of wizardry
HPRegen 0.28/turn    g - +6 ring of intelligence
MPRegen 0.17/turn

%: acrobat, wizardry (x1)
@: sluggish, flying, hasted
A: beak, talons 3, evasive flight, acrobatic
a: Renounce Religion


You were in a bailey.
You worshipped Vehumet.
Vehumet was most pleased with you.
You visited 1 branch of the dungeon, and saw 8 of its levels.
You also visited: Bailey.

You collected 559 gold pieces.

Inventory:

Hand Weapons
 a - a +2 dagger of freezing (weapon)
Missiles
 c - 3 atropa-tipped darts
 r - 6 poisoned darts
Armour
 l - a +0 robe (worn)
 z - a +1 pair of gloves (worn)
Jewellery
 g - a +6 ring of intelligence (right hand)
 i - a ring of wizardry (left hand)
Wands
 k - a wand of flame (44)
 p - a wand of polymorph (9)
 A - a wand of roots (18)
 E - a wand of charming (9)
Scrolls
 d - a scroll of brand weapon
 n - a scroll of enchant armour
 o - a scroll of enchant weapon
Potions
 b - 2 potions of magic
 f - 3 potions of lignification
 h - 3 potions of haste
 j - a potion of enlightenment {unknown}
 s - a potion of degeneration {unknown}
 u - a potion of attraction {unknown}
 v - 2 potions of brilliance
 w - 3 potions of curing {unknown}
 D - a potion of resistance {unknown}


   Skills:
 + Level 7.3 Dodging
 + Level 7.2 Stealth
 + Level 6.1 Spellcasting
 + Level 8.3 Conjurations
 + Level 9.2 Air Magic


You had 3 spell levels left.
You knew the following spells:

 Your Spells              Type           Power      Damage    Failure   Level
a - Shock                 Conj/Air       100%       1d9       1%          1
b - Static Discharge      Conj/Air       100%       3-8/arc   1%          2
c - Swiftness             Air            54%        N/A       1%          3
d - Airstrike             Air            27%        2d(4-20)  1%          4
e - Poisonous Vapours     Pois/Air       64%        N/A       1%          2
f - Mephitic Cloud        Conj/Pois/Air  38%        N/A       1%          3
g - Dazzling Flash        Conj/Hex       58%        N/A       1%          3

Your spell library contained the following spells:

 Spells                   Type           Power      Damage    Failure   Level
 Summon Small Mammal      Summ           28%        N/A       2%          1
 Ignite Poison            Fire/Tmut/Pois 7%         N/A       2%          3
 Lesser Beckoning         Tloc           14%        N/A       4%          2
 Call Canine Familiar     Summ           7%         N/A       9%          3
 Gell's Gravitas          Tloc           7%         N/A       9%          3
 Summon Guardian Golem    Hex/Summ       7%         N/A       9%          3
 Teleport Other           Tloc           7%         N/A       9%          3


Dungeon Overview and Level Annotations

Branches:
Dungeon (8/15)             Temple (0/1) D:7          Bailey (1/1)
   Lair: D:8-11

Altars:
Dithmenos
Fedhas
Nemelex Xobeh
Okawaru
Sif Muna
Trog
Uskayaw
Vehumet
Wu Jian
Xom
Yredelemnul
Zin
The Shining One


Innate Abilities, Weirdness & Mutations

You have a beak for a mouth.
You have claws for feet.
Your magical flight helps you evade attacks. (EV +4)
You can magically evade attacks while moving or waiting.


Message History

The orc warlord looks as sick as possible!
You now have 11/20 mp.
Aiming: Fastroot
Press: ? - help, Shift-Dir - straight line, f/p - orc warlord
Aim: an orc warlord, wielding a +7 battleaxe and wearing a +0 chain mail (lightly wounded, extremely poisoned)
The roots erupt in riotous growth!
Roots grab the orc warlord.
The grasping roots constrict the orc warlord.
The orc warlord escapes!
You start to feel a little slower.
The orc warlord hits you with a +7 battleaxe!
You take 11 damage, and have 39/50 hp.
MASSIVE DAMAGE!!
You see here a +0 broad axe.
Casting: Poisonous Vapours (safe; 1% risk of failure)
Confirm with . or Enter, or press ? or * to list all spells.
Aiming: Poisonous Vapours (safe; 1% risk of failure)
Press: ? - help, Dir - move target, f/p - orc warlord
Aim: an orc warlord, wielding a +7 battleaxe and wearing a +0 chain mail (moderately wounded, very poisoned) Poisonous vapours surround the orc warlord!
The orc warlord looks as sick as possible!
You now have 10/20 mp.
Okay, then.
There is an open gate here.
You feel sluggish.
The orc warlord hits you with a +7 battleaxe!!
Ouch! That really hurt!
* * * LOW HITPOINT WARNING * * *
You take 29 damage, and have 12/50 hp.
MASSIVE DAMAGE!!
You feel much better.
The orc warlord hits you with a +7 battleaxe!
You regained 7 hp, and now have 19/50 hp.
You feel much better.
The orc warlord hits you with a +7 battleaxe!!
Ouch! That really hurt!
* * * LOW HITPOINT WARNING * * *
You take 14 damage, and have 5/50 hp.
MASSIVE DAMAGE!!
You feel yourself speed up.
The orc warlord hits you with a +7 battleaxe!!
Ouch! That really hurt!
You die...

..⌠.. #######..)..).....#
..... ##.....##.........##
...... #.......#.))......#
....).##.......##.......##
......).........).......#
##)........##.....##
#....)⌠..)..#######
##....)....## #...))..@.#
##...)).o## #...)...#
##..†..## ♣##'''##♣
♣♣.)[[)..♣♣ ♣♣.........♣♣
♣.....∩.....♣
♣...........♣


You could see an orc warlord (very poisoned).

Vanquished Creatures
  Pikel (D:7)
  Prince Ribbit (D:7)
  A water moccasin (D:5)
  9 orc warriors (Bailey)
  A sky beast (D:6)
  An ice beast (D:6)
  An ogre (D:5)
  5 centaurs
  2 lemures (D:7)
  2 bullfrogs (D:6)
  2 scorpions
  2 howler monkeys
  An electric eel (D:6)
  3 hounds
  A gnoll bouda (D:7)
  4 iguanas
  An orc priest (D:5)
  Natasha (thrice) (D:2)
  2 orc wizards
  19 gnolls
  12 adders
  5 shadow imps
  4 white imps
  6 ufetubi (D:5)
  A worm (D:2)
  3 dart slugs
  17 orcs
  6 ball pythons
  2 bats (D:2)
  8 endoplasms
  4 giant cockroaches
  35 hobgoblins
  7 jackals
  3 kobolds
  2 quokkas
  4 frilled lizards
  39 goblins
  7 rats
227 creatures vanquished.

Vanquished Creatures (others)
  An angel (D:6)
1 creature vanquished.

Grand Total: 228 creatures vanquished

Notes
Turn   | Place    | Note
-------+----------+-------------------------------------------
     0 | D:1      | Queen the Tengu Air Elementalist began the quest for the
                  | Orb.
     0 | D:1      | Reached XP level 1. HP: 10/10 MP: 4/4
   453 | D:1      | Reached XP level 2. HP: 15/15 MP: 0/6
   862 | D:1      | Reached XP level 3. HP: 19/19 MP: 4/7
  1106 | D:1      | Found a faded altar of an unknown god.
  1627 | D:1      | Found a faded altar of an unknown god.
  2090 | D:2      | Learned a level 2 spell: Static Discharge
  2094 | D:2      | Learned a level 3 spell: Swiftness
  2449 | D:2      | Noticed Natasha
  2456 | D:2      | Killed Natasha
  2457 | D:2      | Reached XP level 4. HP: 24/24 MP: 0/8
  2896 | D:2      | Noticed Natasha
  2902 | D:2      | Killed Natasha
  2903 | D:2      | Reached XP level 5. HP: 14/28 MP: 1/10
  3165 | D:2      | Noticed Natasha
  3175 | D:2      | Killed Natasha
  3643 | D:3      | Reached skill level 5 in Air Magic
  4027 | D:3      | Found a sparkling altar of Nemelex Xobeh.
  4028 | D:3      | Found a hide-covered altar of Uskayaw.
  4033 | D:3      | Found a bloodstained altar of Trog.
  4034 | D:3      | Found a radiant altar of Vehumet.
  4034 | D:3      | Found a basalt altar of Yredelemnul.
  4034 | D:3      | Found a glowing golden altar of the Shining One.
  4035 | D:3      | Found an ornate altar of the Wu Jian Council.
  4036 | D:3      | Found a blossoming altar of Fedhas.
  4037 | D:3      | Found a shadowy altar of Dithmenos.
  4038 | D:3      | Found an iron altar of Okawaru.
  4039 | D:3      | Found a shimmering blue altar of Sif Muna.
  4047 | D:3      | Became a worshipper of Vehumet
  4833 | D:3      | Found a sparkling altar of Nemelex Xobeh.
  4834 | D:3      | Found a hide-covered altar of Uskayaw.
  4838 | D:3      | Found a bloodstained altar of Trog.
  4840 | D:3      | Found an ornate altar of the Wu Jian Council.
  4840 | D:3      | Found a radiant altar of Vehumet.
  4840 | D:3      | Found a basalt altar of Yredelemnul.
  4841 | D:3      | Found a glowing golden altar of the Shining One.
  4842 | D:3      | Found a shadowy altar of Dithmenos.
  4843 | D:3      | Found a blossoming altar of Fedhas.
  4844 | D:3      | Found a shimmering blue altar of Sif Muna.
  4845 | D:3      | Found an iron altar of Okawaru.
  4958 | D:3      | Learned a level 4 spell: Airstrike
  4981 | D:4      | Identified the "Laugih"
  5022 | D:4      | Reached XP level 6. HP: 32/32 MP: 7/11
  5852 | D:5      | Entered Level 5 of the Dungeon
  6223 | D:5      | Noticed a water moccasin
  6230 | D:5      | Killed a water moccasin
  6231 | D:5      | Gained mutation: Your magical flight helps you evade
                  | attacks. (EV +4) [Tengu growth]
  6231 | D:5      | Reached XP level 7. HP: 27/36 MP: 5/13
  6287 | D:5      | Reached * piety under Vehumet
  6287 | D:5      | Offered knowledge of Sandblast by Vehumet.
  6357 | D:5      | Learned a level 2 spell: Poisonous Vapours
  6434 | D:5      | Reached skill level 6 in Air Magic
  7137 | D:5      | Reached skill level 5 in Conjurations
  7321 | D:5      | Reached XP level 8. HP: 41/41 MP: 8/15
  8023 | D:6      | Found a glowing silver altar of Zin.
  8023 | D:6      | Noticed an angel
  8024 | D:6      | Found a shimmering altar of Xom.
  8332 | D:6      | Reached skill level 5 in Dodging
  8336 | D:6      | Reached skill level 5 in Stealth
  8351 | D:6      | Killed an angel
  8390 | D:6      | Reached skill level 7 in Air Magic
  8649 | D:6      | Offered knowledge of Momentum Strike by Vehumet.
  8649 | D:6      | Reached ** piety under Vehumet
  8937 | D:6      | Offered knowledge of Scorch by Vehumet.
  8943 | D:6      | Learned a level 3 spell: Mephitic Cloud
  9911 | D:6      | Found a shimmering altar of Xom.
  9911 | D:6      | Found a glowing silver altar of Zin.
 10218 | D:7      | Noticed Prince Ribbit
 10330 | D:7      | Killed Prince Ribbit
 10377 | D:7      | Reached XP level 9. HP: 35/45 MP: 10/17
 10379 | D:7      | Reached skill level 5 in Spellcasting
 10382 | D:7      | Reached *** piety under Vehumet
 10593 | D:7      | Reached skill level 8 in Air Magic
 10614 | D:7      | Found a staircase to the Ecumenical Temple.
 10988 | D:7      | Noticed Pikel
 11000 | D:7      | Killed Pikel
 11414 | D:7      | Found a staircase to the Ecumenical Temple.
 11676 | D:8      | Found a flagged portal.
 11690 | Bailey   | Entered a bailey
 11953 | Bailey   | Offered knowledge of Dazzling Flash by Vehumet.
 11958 | Bailey   | Learned a level 3 spell: Dazzling Flash
 12043 | Bailey   | Reached skill level 9 in Air Magic
 12062 | Bailey   | Reached XP level 10. HP: 50/50 MP: 8/19
 12269 | Bailey   | Noticed an orc warlord
 12307 | Bailey   | Annihilated by an orc warlord

Illustrated notes

Levels and vault maps discovered:
D:1:      mushboom_english_gardens, layout_basic,
          shapermc_ecumenical_altar_mp_vishouse, minmay_misc_feat_rows
D:2:      layout_loops_ring, uniq_natasha
D:3:      layout_basic, minitemple
D:4:      layout_rooms
D:5:      layout_basic, serial_demonic, serial_demonic_f, serial_demonic_e,
          serial_demonic_g, serial_demonic_g
D:6:      minmay_goblin_kobold_castle, layout_cave_pools,
          grunt_temple_overflow_order_and_chaos_1, nicolae_zen_rock_garden
D:7:      nicolae_whirlpool, layout_rooms, minmay_temple_entry_junction_2,
          uniq_pikel, uniq_prince_ribbit1
D:8:      layout_cave_pods, lightli_bailey_entry_fortress, uniq_erica,
          uniq_psyche
Bailey:   bailey_axe_minmay_hex_keep, bailey

Skill      XL: |  1  2  3  4  5  6  7  8  9 10 |
---------------+-------------------------------+-----
Conjurations   | 2 3 4 5 6 8 |  8.3
Dodging        | 3 4 5 7 |  7.3
Stealth        | 3 4 5 7 |  7.2
Air Magic      | 5 6 7 9 |  9.2
Spellcasting   | 3 4 5 6 |  6.1

Action                     |  1- 3 |  4- 6 |  7- 9 | 10-12 || total
---------------------------+-------+-------+-------+-------++-------
  Melee: Dagger            |     7 |     8 |     8 |       ||    23
         Kick              |     1 |     2 |     4 |       ||     7
         Peck              |       |     1 |     2 |       ||     3
   Cast: Shock             |    66 |   105 |   234 |    12 ||   417
         Static Discharge  |     2 |     7 |    21 |     2 ||    32
         Swiftness         |       |       |     3 |     1 ||     4
         Poisonous Vapours |       |       |    26 |    10 ||    36
         Airstrike         |       |       |     7 |       ||     7
         Mephitic Cloud    |       |       |     1 |       ||     1
  Evoke: Wand              |       |       |       |     1 ||     1
    Use: Scroll            |       |     1 |    13 |       ||    14
         Potion            |       |       |       |     3 ||     3
   Stab: Sleeping          |       |     4 |     1 |       ||     5
 Armour: Robe              |    10 |    22 |    56 |    15 ||   103
  Dodge: Dodged            |     7 |     7 |    77 |     3 ||    94

Table legend: (Time is in decaauts)
 A = Elapsed time spent in this place.
 B = Non-inter-level travel time spent in this place.
 C = Inter-level travel time spent in this place.
 D = Time resting spent in this place.
 E = Time spent auto-exploring this place.
 F = Levels seen in this place.
 G = Mean time per level.
                   A        B        C        D        E       F      G
               +--------+--------+--------+--------+--------+-----+--------+
         Total |  12301 |  11989 |    312 |   2687 |   7864 |   9 | 1366.8 |
       Dungeon |  11687 |  11375 |    312 |   2326 |   7794 |   8 | 1460.9 |
        Bailey |    613 |    613 |      0 |    361 |     70 |   1 |  613.0 |
               +--------+--------+--------+--------+--------+-----+--------+

Top non-repeatable levels by time:
     D:6: 2415 daAuts
     D:1: 2137 daAuts
     D:5: 2130 daAuts
     D:2: 1500 daAuts
     D:3: 1341 daAuts
     D:7: 1153 daAuts
     D:4: 909 daAuts
  Bailey: 613 daAuts
     D:8: 98 daAuts
